 Dungeon Crawl Stone Soup version 0.28-a0-1347-g113dc556a4 (webtiles) character file.

Game seed: 16975753786083990363

718 Sabo the Magician (level 7, -9/37 HPs)
             Began as a Deep Elf Air Elementalist on Dec 29, 2021.
             Was an Initiate of Vehumet.
             Mangled by Urgle's ghost (17 damage)
             ... on level 4 of the Dungeon.
             The game lasted 00:39:54 (6293 turns).

Sabo the Magician (Deep Elf Air Elementalist)       Turns: 6293, Time: 00:39:57

Health: -9/37      AC:  3    Str:  5    XL:     7   Next: 42%
Magic:  13/19      EV: 13    Int: 22    God:    Vehumet [......]
Gold:   169        SH:  0    Dex: 15    Spells: 19/20 levels left

rFire   . . .      SeeInvis .   d - staff of poison
rCold   . . .      Faith    .   (no shield)
rNeg    . . .      Spirit   .   a - +0 robe
rPois   +          Reflect  .   n - +0 helmet
rElec   .          Harm     .   (no cloak)
rCorr   .          Rampage  .   (no gloves)
Will    .....                   (no boots)
Stlth   +++.......              j - amulet of magic regeneration
HPRegen 0.12/turn               (no ring)
MPRegen 0.56/turn               (no ring)

@: no status effects
A: no striking features
a: Renounce Religion


You were on level 4 of the Dungeon.
You worshipped Vehumet.
Vehumet was noncommittal.
You visited 1 branch of the dungeon, and saw 4 of its levels.

You collected 169 gold pieces.

Inventory:

Hand Weapons
 c - a +0 hand axe
 k - a +0 hunting sling
 s - a +1 vampiric dagger
 u - a +0 shortbow
Missiles
 e - 21 sling bullets
 h - 2 boomerangs
 m - 42 poisoned darts (quivered)
 p - 56 arrows
 t - 6 atropa-tipped darts
 v - 22 bolts
Armour
 a - a +0 robe (worn)
 n - a +0 helmet (worn)
Magical Staves
 d - a staff of poison (weapon)
Jewellery
 j - an amulet of magic regeneration (around neck)
Scrolls
 b - 2 scrolls of identify
 f - 5 scrolls of teleportation
 x - a scroll of silence {unknown}
Potions
 g - 2 potions of magic
 i - 2 potions of curing {unknown}
 l - a potion of heal wounds {unknown}
 o - a potion of might {unknown}
 q - a potion of invisibility {unknown}
 r - 2 potions of haste
 w - a potion of attraction {unknown}
 z - a potion of brilliance {unknown}


   Skills:
 + Level 0.4 Fighting
 + Level 1.0 Staves
 + Level 3.4 Dodging
 + Level 3.8 Stealth
 + Level 7.3 Spellcasting
 + Level 4.0 Conjurations
 + Level 4.8 Air Magic


You had 19 spell levels left.
You knew the following spells:

 Your Spells              Type           Power      Damage    Failure   Level
a - Shock                 Conj/Air       100%       1d9       1%          1

Your spell library contained the following spells:

 Spells                   Type           Power      Damage    Failure   Level
 Static Discharge         Conj/Air       27%        N/A       1%          2
 Swiftness                Air            29%        N/A       3%          3
 Stone Arrow              Conj/Erth      32%        3d9       11%         3
 Airstrike                Air            14%        N/A       11%         4
 Animate Armour           Summ/Erth      16%        N/A       61%         4
 Lehudib's Crystal Spear  Conj/Erth      8%         10d3      100%        8


Dungeon Overview and Level Annotations

Branches:
Dungeon (4/15)
 Temple: D:4-7

Altars:
Ashenzari
Cheibriados
Makhleb
Vehumet
Zin

Annotations:
D:4 Urgle's ghost, amateur MiFi


Message History

Aiming: Shock (safe; 1% risk of failure)
Press: ? - help, Shift-Dir - straight line, f/p - Urgle's ghost
Aim: Urgle's ghost (heavily damaged, 74% to hit)
The zap hits Urgle's ghost.
Urgle's ghost is severely damaged.
Urgle's ghost hits you!
* * * LOW HITPOINT WARNING * * *
Casting: Shock (safe; 1% risk of failure)
Confirm with . or Enter, or press ? or * to list all spells.
Aiming: Shock (safe; 1% risk of failure)
Press: ? - help, Shift-Dir - straight line, f/p - Urgle's ghost
Aim: Urgle's ghost (severely damaged, 74% to hit)
The zap hits Urgle's ghost.
Urgle's ghost is severely damaged.
Urgle's ghost hits you but does no damage.
Casting: Shock (safe; 1% risk of failure)
Confirm with . or Enter, or press ? or * to list all spells.
Aiming: Shock (safe; 1% risk of failure)
Press: ? - help, Shift-Dir - straight line, f/p - Urgle's ghost
Aim: Urgle's ghost (severely damaged, 74% to hit)
The zap hits Urgle's ghost.
Urgle's ghost is severely damaged.
Urgle's ghost barely misses you.
Casting: Shock (safe; 1% risk of failure)
Confirm with . or Enter, or press ? or * to list all spells.
Aiming: Shock (safe; 1% risk of failure)
Press: ? - help, Shift-Dir - straight line, f/p - Urgle's ghost
Aim: Urgle's ghost (severely damaged, 74% to hit)
The zap hits Urgle's ghost.
Urgle's ghost is almost destroyed.
Urgle's ghost closely misses you.
Casting: Shock (safe; 1% risk of failure)
Confirm with . or Enter, or press ? or * to list all spells.
Aiming: Shock (safe; 1% risk of failure)
Press: ? - help, Shift-Dir - straight line, f/p - Urgle's ghost
Aim: Urgle's ghost (almost destroyed, 74% to hit)
The zap hits Urgle's ghost!
Urgle's ghost is almost destroyed.
Urgle's ghost hits you!
You die...

.##....##...........#............
.###.#.>............#............
.# ###...####.........#####......
.####....###.##..##..รท..##...#...
[...##........#..................
.....#...#.##..............####..
.........###..##.###........#...#
.....##.###...##W###............#
.....#..# ##....@#.........#.##.)
.##.....#####.##.##..###...#.....
###...#....##.#......# #.........
..##.##...)........#######.......
............#.......###......#...
............#...#...##.......#.#.
#..#............###..............
.).#...........####...#.....#....
........#.#....# #...##....####.#


You could see Urgle's ghost.

Vanquished Creatures
  Menkaure (D:4)
  An ogre (D:4)
  A centaur (D:4)
  A water moccasin skeleton (D:4)
  A hound (D:4)
  2 iguanas (D:4)
  Jessica (D:2)
  Natasha (thrice) (D:4)
  A hound skeleton (D:4)
  A mummy (D:4)
  Robin (D:2)
  3 gnolls (D:4)
  4 adders
  2 worms (D:2)
  A dart slug (D:1)
  7 orcs
  7 endoplasms
  2 giant cockroaches
  15 goblins
  3 hobgoblins (D:1)
  6 jackals
  5 quokkas
  10 ball pythons
  6 bats
  2 frilled lizards (D:1)
  4 kobolds
  2 rats
93 creatures vanquished.

Notes
Turn   | Place    | Note
-------+----------+-------------------------------------------
     0 | D:1      | Sabo the Deep Elf Air Elementalist began the quest for the
                  | Orb.
     0 | D:1      | Reached XP level 1. HP: 10/10 MP: 6/6
   252 | D:1      | Reached XP level 2. HP: 14/15 MP: 0/8
  1255 | D:1      | Reached XP level 3. HP: 19/19 MP: 6/9
  1641 | D:2      | Noticed Robin
  1760 | D:2      | Killed Robin
  2101 | D:2      | Noticed Jessica
  2106 | D:2      | Killed Jessica
  2107 | D:2      | Reached skill level 4 in Spellcasting
  2107 | D:2      | Reached XP level 4. HP: 23/24 MP: 9/12
  3097 | D:3      | Found a radiant altar of Vehumet.
  3118 | D:3      | Became a worshipper of Vehumet
  4155 | D:3      | Found a burning altar of Makhleb.
  4588 | D:3      | Found a broken altar of Ashenzari.
  4593 | D:3      | Found a glowing silver altar of Zin.
  4759 | D:4      | Noticed an orc warrior
  4759 | D:4      | Found a runed translucent gate.
  4759 | D:4      | Found a runed translucent gate.
  4765 | D:4      | Noticed Menkaure
  4772 | D:4      | Killed Menkaure
  4773 | D:4      | Reached skill level 5 in Spellcasting
  4773 | D:4      | Reached XP level 5. HP: 16/28 MP: 9/14
  4830 | D:4      | Noticed a centaur
  4922 | D:4      | Reached XP level 6. HP: 32/32 MP: 11/16
  4975 | D:4      | Reached skill level 6 in Spellcasting
  5257 | D:4      | Found a runed translucent gate.
  5274 | D:4      | Noticed Urgle's ghost (amateur MiFi)
  5444 | D:4      | Noticed Natasha
  5463 | D:4      | Killed Natasha
  5464 | D:4      | Reached XP level 7. HP: 16/37 MP: 11/18
  5599 | D:4      | Reached skill level 7 in Spellcasting
  5826 | D:4      | Found a snail-covered altar of Cheibriados.
  5928 | D:4      | Reached skill level 1 in Staves
  5963 | D:4      | Noticed Natasha
  5970 | D:4      | Killed Natasha
  6144 | D:4      | Noticed Natasha
  6148 | D:4      | Killed Natasha
  6293 | D:4      | Mangled by Urgle's ghost

Illustrated notes

Levels and vault maps discovered:
D:1:      psy_arrival_fountain, layout_rooms
D:2:      layout_basic, uniq_robin, uniq_jessica
D:3:      layout_basic, mainiacjoe_overflow_24_doors,
          mainiacjoe_overflow_big_doors, lemuel_crystal_altar,
          grunt_decor_resistance, minivault_19
D:4:      layout_cave_pools, slow_altar_2, gammafunk_ghost_split, uniq_menkaure,
          uniq_natasha

Skill      XL: |  1  2  3  4  5  6  7 |
---------------+----------------------+-----
Dodging        | 3 |  3.4
Spellcasting   | 4 5 6 7 |  7.3
Conjurations   | 2 3 4 |  4.0
Stealth        | 3 |  3.8
Air Magic      | 4 |  4.8
Staves         | 1 |  1.0
Fighting       | |  0.4

Action                   |  1- 3 |  4- 6 |  7- 9 || total
-------------------------+-------+-------+-------++-------
Melee: Staff             |     8 |    22 |     7 ||    37
 Cast: Shock             |    93 |   116 |    43 ||   252
  Use: Scroll            |       |     7 |       ||     7
 Stab: Sleeping          |       |     1 |       ||     1
Armor: Robe              |     6 |     7 |     4 ||    17
Dodge: Dodged            |    17 |    25 |    19 ||    61

Table legend: (Time is in decaauts)
 A = Elapsed time spent in this place.
 B = Non-inter-level travel time spent in this place.
 C = Inter-level travel time spent in this place.
 D = Time resting spent in this place.
 E = Time spent auto-exploring this place.
 F = Levels seen in this place.
 G = Mean time per level.
                   A        B        C        D        E       F      G
               +--------+--------+--------+--------+--------+-----+--------+
         Total |   6303 |   6303 |      0 |   1905 |      0 |   4 | 1575.8 |
       Dungeon |   6303 |   6303 |      0 |   1905 |      0 |   4 | 1575.8 |
               +--------+--------+--------+--------+--------+-----+--------+

Top non-repeatable levels by time:
     D:3: 1812 daAuts
     D:2: 1598 daAuts
     D:4: 1540 daAuts
     D:1: 1351 daAuts
